 Dungeon Crawl Stone Soup version 0.28.0-53-g5a82cb258f (webtiles) character file.

Game seed: 811679947739709508

74 MisterFreud the Covert (level 4, -2/41 HPs)
             Began as a Gnoll Delver on June 9, 2022.
             Slain by a bullfrog (6 damage)
             ... on level 5 of the Dungeon.
             The game lasted 00:02:17 (836 turns).

MisterFreud the Covert (Gnoll Delver)                Turns: 836, Time: 00:02:18

Health: -2/41      AC:  3    Str: 12    XL:     4   Next: 28%
Magic:  5/5        EV: 13    Int: 11    God:
Gold:   0          SH:  0    Dex: 13    Spells: 5/5 levels left

rFire   . . .      SeeInvis .   a - +0 short sword
rCold   . . .      Faith    .   (no shield)
rNeg    . . .      Spirit   .   b - +0 leather armour
rPois   .          Reflect  .   (no helmet)
rElec   .          Harm     .   (no cloak)
rCorr   .          Rampage  .   (no gloves)
Will    .....                   (no boots)
Stlth   ++........              d - amulet of magic regeneration
HPRegen 0.13/turn               (no ring)
MPRegen 0.49/turn               (no ring)

@: about to teleport, hasted, slow
A: fangs 1, strong nose, distributed training
a: no special abilities


You were on level 5 of the Dungeon.
You visited 1 branch of the dungeon, and saw 1 of its levels.
You also visited: Sewer.

Inventory:

Hand Weapons
 a - a +0 short sword (weapon)
Armour
 b - a +0 leather armour (worn)
Jewellery
 d - an amulet of magic regeneration (around neck)
Wands
 g - a wand of digging (3)
Scrolls
 c - a scroll of fog
Potions
 e - a potion of curing {unknown}


   Skills:
 + Level 6.6 Fighting
 + Level 4.6 Short Blades
 + Level 1.1 Long Blades
 + Level 1.1 Axes
 + Level 1.1 Maces & Flails
 + Level 1.1 Polearms
 + Level 1.1 Staves
 + Level 1.1 Slings
 + Level 1.1 Bows
 + Level 1.1 Crossbows
 + Level 1.1 Throwing
 + Level 1.1 Armour
 + Level 4.6 Dodging
 + Level 9.6 Stealth
 + Level 1.1 Shields
 + Level 1.1 Unarmed Combat
 + Level 1.1 Spellcasting
 + Level 0.8 Conjurations
 + Level 0.8 Hexes
 + Level 0.8 Summonings
 + Level 0.8 Necromancy
 + Level 0.8 Translocations
 + Level 0.8 Transmutations
 + Level 0.8 Fire Magic
 + Level 0.8 Ice Magic
 + Level 0.8 Air Magic
 + Level 0.8 Earth Magic
 + Level 0.8 Poison Magic
 + Level 1.2 Invocations
 + Level 1.1 Evocations


You had 5 spell levels left.
You didn't know any spells.
Your spell library contained the following spells:

 Spells                   Type           Power      Damage    Failure   Level
 Summon Ice Beast         Ice/Summ       2%         N/A       96%         4
 Metabolic Englaciation   Hex/Ice        1%         N/A       100%        5
 Eringya's Noxious Bog    Tmut/Pois      1%         N/A       100%        6


Dungeon Overview and Level Annotations

Branches:
Dungeon (5/15)              Sewer (visited)
 Temple: D:4-7

Altars:


Innate Abilities, Weirdness & Mutations

You have very sharp teeth.
Your uncanny sense of smell can sniff out nearby items.
Your experience applies equally to all skills.


Message History

You assume a fearsome visage.
The bullfrog looks frightened!
The ball python looks frightened!
You escape the ball python's grasp.
You see here the Papyrus of Icy Envenoming.
You pick up the Papyrus of Icy Envenoming and begin reading...
You add the spells Summon Ice Beast, Metabolic Englaciation and Eringya's Noxious Bog to your library.
e - a viscous inky potion You see here a scroll labelled FUREIM ZOFFY.
You see here 12 gold pieces.
The bullfrog seems to regain its courage.
The bullfrog snags a nearby butterfly with its tongue.
You see here a scroll labelled FUREIM ZOFFY.
f - a scroll labelled FUREIM ZOFFY You see here 12 gold pieces.
You enter the shallow water.
Moving in this stuff is going to be slow.
The bullfrog barely misses you. The bullfrog misses you.
There is a gate leading back out of this place here.
The bullfrog barely misses you. The river rat bites you.
* * * LOW HITPOINT WARNING * * *
The rat closely misses you.
There is a collapsed entrance here.
Unknown command.
Unknown command.
As you read the scroll labelled FUREIM ZOFFY, it crumbles to dust.
You feel strangely unstable.
It was a scroll of teleportation.
The bullfrog barely misses you. The river rat misses you.
You hit the rat.
You kill the rat!
The bullfrog misses you.
You enter the shallow water.
Moving in this stuff is going to be slow.
The bullfrog misses you. The river rat completely misses you.
You see here a rat corpse.
The river rat bites you.
* * * LOW HITPOINT WARNING * * *
The bullfrog hits you.
You die...

*,**,*,,*,* *******,,*
*,*,,,,∆.,** *..,,,,,**
*,**,,**,.,* ####.#****,*
***,,,**,#.* ###....#*,,,,*
,*,,,,*#,#.#*#...≈≈#**,**********
,,,*,*##.#..##..≈≈≈# *>* **,,,,,,
,,,*,,.........≈≈≈≈#**,***,,*****
,*,,,,Y...#.#..÷≈r≈#,,,,,,,**
****,,.........≈@F.#,,****** *
*,,.r......######*** ****
*,,.....##......##### *,,,
*,,....**#r.#.......#*** *,,,
*,,..,,*##..###.###...,****,,,
*,,,,,,*#...###..#****,,,**,,,
*,,,......#.r..#r# ***,,,..,
**,,###.######r#.## #######..,
***,** #.* #....###........,


You could see a bullfrog and a river rat.

Vanquished Creatures
  4 adders (Sewer)
  A river rat (D:5)
  A white imp (D:5)
  5 giant cockroaches (Sewer)
  4 quokkas (Sewer)
  A ball python (Sewer)
  9 frilled lizards (Sewer)
  2 rats (D:5)
27 creatures vanquished.

Notes
Turn   | Place    | Note
-------+----------+-------------------------------------------
     0 | D:5      | Reached skill level 9 in Stealth
     0 | D:5      | MisterFreud the Gnoll Delver began the quest for the Orb.
     0 | D:5      | Reached XP level 1. HP: 23/23 MP: 1/1
    19 | D:5      | Reached XP level 2. HP: 7/29 MP: 2/2
    63 | D:5      | Found a glowing drain.
    70 | D:5      | Noticed an ice beast
    96 | Sewer    | Entered a sewer
   305 | Sewer    | Reached XP level 3. HP: 33/35 MP: 3/3
   449 | Sewer    | Reached skill level 1 in Invocations
   492 | Sewer    | Reached skill level 1 in Long Blades
   492 | Sewer    | Reached skill level 1 in Axes
   492 | Sewer    | Reached skill level 1 in Maces & Flails
   492 | Sewer    | Reached skill level 1 in Polearms
   492 | Sewer    | Reached skill level 1 in Staves
   492 | Sewer    | Reached skill level 1 in Slings
   492 | Sewer    | Reached skill level 1 in Bows
   492 | Sewer    | Reached skill level 1 in Crossbows
   492 | Sewer    | Reached skill level 1 in Throwing
   492 | Sewer    | Reached skill level 1 in Armour
   492 | Sewer    | Reached skill level 1 in Shields
   492 | Sewer    | Reached skill level 1 in Unarmed Combat
   492 | Sewer    | Reached skill level 1 in Spellcasting
   492 | Sewer    | Reached skill level 1 in Evocations
   527 | Sewer    | Reached XP level 4. HP: 23/41 MP: 5/5
   803 | Sewer    | Noticed a bullfrog
   819 | Sewer    | Got the Papyrus of Icy Envenoming
   836 | D:5      | Slain by a bullfrog

Illustrated notes

Levels and vault maps discovered:
D:5:      layout_rooms, portal_sewer_entry_b, minivault_1,
          minmay_fractal_squares_gapless_5

Skill      XL: |  1  2  3 |
---------------+----------+-----
Stealth        | |  9.6
Invocations    | 1 |  1.2
Long Blades    | 1 |  1.1
Axes           | 1 |  1.1
Maces & Flails | 1 |  1.1
Polearms       | 1 |  1.1
Staves         | 1 |  1.1
Slings         | 1 |  1.1
Bows           | 1 |  1.1
Crossbows      | 1 |  1.1
Throwing       | 1 |  1.1
Armour         | 1 |  1.1
Shields        | 1 |  1.1
Unarmed Combat | 1 |  1.1
Spellcasting   | 1 |  1.1
Evocations     | 1 |  1.1
Fighting       | |  6.6
Short Blades   | |  4.6
Dodging        | |  4.6
Conjurations   | |  0.8
Hexes          | |  0.8
Summonings     | |  0.8
Necromancy     | |  0.8
Translocations | |  0.8
Transmutations | |  0.8
Fire Magic     | |  0.8
Ice Magic      | |  0.8
Air Magic      | |  0.8
Earth Magic    | |  0.8
Poison Magic   | |  0.8

Action                   |  1- 3 |  4- 6 || total
-------------------------+-------+-------++-------
Melee: Short sword       |    76 |    53 ||   129
       Bite              |     6 |     4 ||    10
       Punch             |       |     1 ||     1
  Use: Scroll            |     1 |     2 ||     3
       Potion            |       |     1 ||     1
 Stab: Sleeping          |     2 |       ||     2
Armor: Leather armour    |    13 |     7 ||    20
Dodge: Dodged            |    45 |    40 ||    85
